[Event "WTCC-50 2018"]
[Site "Radebeul"]
[Date "2018.07.08"]
[Round "2"]
[White "Rudolf, Matthias"]
[Black "Chan, Peng Kong"]
[Result "0-1"]
[ECO "B40"]
[WhiteElo "2102"]
[BlackElo "2158"]
[Annotator "NA"]
[PlyCount "62"]
[EventDate "2018.07.07"]
[EventType "team-tourn"]
[EventCountry "GER"]
[SourceTitle "playchess.com"]
[Source "ChessBase"]
[SourceQuality "1"]
[TimeControl "40/5400+30:1800+30"]

1. e4 c5 2. Nf3 e6 3. b3 b6 4. Bb2 Bb7 5. Qe2 Nc6 {[%emt 0:01:33] LiveBook: 46 Partien} 6. d4 cxd4 7. Nxd4 Bb4+ 8. Nd2 Nf6 9. Nxc6 Bxc6 10. c3 Be7 11. e5 Nd5 12. Qg4 O-O 13. Bd3 $17 f5 14. exf6 Nxf6 15. Qh3 g6 16. O-O-O Nh5 17. Be4 Nf4 18. Qg4 Rc8 19. Bxc6 Nd3+ 20. Kb1 Nxf2 21. Qd4 Rxc6 22. Ne4 Nxe4 23. Qxe4 d5 24. Qe2 Bf6 25. Qg4 Qd6 26. Rhf1 Bg7 27. h4 Rxf1 28. Rxf1 Qe5 29. Qa4 Qe2 30. Qf4 Rc8 31. Ba3 Qd3+ 0-1

[Event "WTCC-50 2018"]
[Site "Radebeul"]
[Date "2018.07.08"]
[Round "2"]
[White "Thoma, Wilhelm"]
[Black "Druckenthaner, Andreas"]
[Result "0-1"]
[ECO "A04"]
[WhiteElo "2079"]
[BlackElo "2296"]
[Annotator "NA"]
[PlyCount "80"]
[EventDate "2018.07.07"]
[EventType "team-tourn"]
[EventCountry "GER"]
[SourceTitle "playchess.com"]
[Source "ChessBase"]
[SourceQuality "1"]
[TimeControl "40/5400+30:1800+30"]

1. Nf3 Nc6 2. d4 d6 3. c4 Nf6 4. Nc3 g6 5. e4 Bg7 6. Be2 O-O 7. O-O Bg4 {[%emt 0:00:20] [#]} 8. Be3 {[%emt 0:01:20] LiveBook: 74 Games} (8. d5 $1 $16 Bxf3 9. Bxf3 (9. gxf3 Nb8 $14)) 8... Nd7 9. Qd2 a6 10. Rfd1 Re8 11. Rab1 e5 12. d5 Ne7 13. Ne1 Bxe2 14. Qxe2 f5 15. f3 Nf6 $16 16. Nd3 Qd7 17. c5 f4 18. Bf2 g5 19. b4 g4 20. Nb2 Ng6 21. Be1 Bf8 22. Nca4 a5 23. cxd6 axb4 24. dxc7 gxf3 25. gxf3 Qxc7 26. Rdc1 Qg7 27. Kh1 Kh8 28. Rc2 Ra6 29. Rbc1 Nh5 30. Rc7 Re7 31. Rxe7 Qxe7 32. Qc4 Ra8 33. Nb6 Ra6 34. Nc8 Qd7 35. Kg2 Qg7 36. Kf1 Qd7 37. Rc2 Qh3+ 38. Ke2 Qxh2+ 39. Kd1 Qh3 40. Qb3 Ra3 0-1

[Event "WTCC-50 2018"]
[Site "Radebeul"]
[Date "2018.07.08"]
[Round "2"]
[White "Glasewald, Stefan"]
[Black "Boehm, Martin"]
[Result "0-1"]
[ECO "B07"]
[WhiteElo "2068"]
[BlackElo "2172"]
[Annotator "NA"]
[PlyCount "59"]
[EventDate "2018.07.07"]
[EventType "team-tourn"]
[EventCountry "GER"]
[SourceTitle "playchess.com"]
[Source "ChessBase"]
[SourceQuality "1"]
[TimeControl "40/5400+30:1800+30"]

1. d4 Nf6 2. Nc3 g6 3. e4 d6 4. Be2 Bg7 5. Be3 c6 6. f3 O-O 7. Qd2 e5 8. dxe5 dxe5 9. Qxd8 Rxd8 10. g4 Be6 11. Nh3 h6 12. Nf2 Nbd7 13. O-O Bf8 14. a3 h5 15. h3 hxg4 $11 16. hxg4 b5 17. Nd3 a5 18. b3 Rdc8 19. Kg2 Rab8 20. Kg3 c5 21. f4 c4 22. Nxe5 Nxe5 23. fxe5 cxb3 24. exf6 Rxc3 25. Rf3 b2 26. Rb1 Bxa3 27. Bd4 Rxf3+ 28. Kxf3 Ba2 29. Rxb2 Bxb2 30. Bxb2 0-1

[Event "WTCC-50 2018"]
[Site "Radebeul"]
[Date "2018.07.08"]
[Round "2"]
[White "Heyme, Sibylle"]
[Black "Wolf, Volker"]
[Result "0-1"]
[ECO "A37"]
[WhiteElo "2037"]
[BlackElo "2323"]
[Annotator "NA"]
[PlyCount "74"]
[EventDate "2018.07.07"]
[EventType "team-tourn"]
[EventCountry "GER"]
[SourceTitle "playchess.com"]
[Source "ChessBase"]
[SourceQuality "1"]
[TimeControl "40/5400+30:1800+30"]

1. c4 g6 2. Nc3 Bg7 3. g3 c5 4. Bg2 Nc6 {[%emt 0:00:10] LiveBook: 6815 Partien} 5. Nf3 d6 6. O-O Bf5 7. d3 {[%emt 0:06:42] A37: Symmetrical English vs ...g6: 4 Bg2 Bg7 5 Nf3} (7. h3 Qd7 8. Kh2 Nf6 9. d3 h6 10. e4 Be6 11. Be3 g5 12. Ng1 g4 13. h4 O-O 14. Nge2 Qd8 {0-1 (55) Caruana,F (2822)-So,W (2778) Stavanger 2018}) 7... Qd7 8. a3 Bh3 9. Nd5 Bxg2 10. Kxg2 e6 11. Nc3 $146 ({Predecessor:} 11. Nf4 Nge7 12. Rb1 a5 13. e4 O-O 14. h4 a4 {½-½ (61) Foisor,C (2386)-Malakhov,V (2605) Porto San Giorgio 2000}) 11... Nge7 12. Bd2 O-O 13. Rb1 Rac8 14. b4 b6 15. Qb3 Nd4 16. Nxd4 cxd4 17. Na4 h6 18. Rfc1 Kh7 19. c5 b5 20. Nb2 Nd5 21. Nd1 a6 22. e3 dxe3 23. Nxe3 dxc5 24. Rxc5 Ne7 25. Rd1 Rfd8 26. Bc3 Rxc5 27. bxc5 Qc6+ 28. Kg1 Qxc5 29. Bxg7 Kxg7 30. d4 Rxd4 31. Qb2 e5 32. Rc1 Qd6 33. Qe2 h5 34. Qb2 Nd5 35. Nc2 Rd2 $19 36. Re1 Qf6 37. Qxe5 Rxc2 0-1

[Event "WTCC-50 2018"]
[Site "Radebeul"]
[Date "2018.07.08"]
[Round "2"]
[White "Habel, Christof"]
[Black "Siegmund, Rainer"]
[Result "1-0"]
[ECO "A45"]
[WhiteElo "2026"]
[BlackElo "2114"]
[Annotator "NA"]
[PlyCount "105"]
[EventDate "2018.07.07"]
[EventType "team-tourn"]
[EventCountry "GER"]
[SourceTitle "playchess.com"]
[Source "ChessBase"]
[SourceQuality "1"]
[TimeControl "40/5400+30:1800+30"]

1. d4 Nf6 2. g3 d5 3. Bg2 e6 4. c4 Be7 5. Nc3 O-O 6. Nf3 b6 7. Ne5 Bb7 8. O-O Nbd7 9. h3 c6 10. e4 Nxe5 11. dxe5 Nxe4 12. Nxe4 dxe4 13. Qg4 Qc7 14. Qxe4 Rad8 15. Be3 Rd7 16. Rad1 Rfd8 17. Rxd7 Rxd7 18. f4 c5 19. Qxb7 Qxb7 20. Bxb7 Rxb7 21. Rd1 Kf8 22. a4 Ke8 23. Kf2 Rd7 24. Rxd7 Kxd7 25. Kf3 f5 26. exf6 gxf6 27. Bd2 f5 28. g4 Bf6 29. b3 Bd4 30. g5 Ke7 31. h4 Kf7 32. h5 a5 33. Be1 Kg7 34. Bh4 Bc3 35. Ke3 Kf7 36. Kd3 Bb4 37. Bf2 Kg7 38. Be3 Be1 39. Bc1 Bg3 40. Bb2+ Kf7 41. Be5 Be1 42. Bc7 Bb4 43. Bxb6 Kg7 44. Bc7 Kf7 45. Be5 Be1 46. Bb2 Bb4 47. Bc1 Be1 48. Be3 Bb4 49. Kc2 Kg7 50. Bd2 Bxd2 51. Kxd2 Kf7 52. b4 cxb4 53. c5 1-0

[Event "WTCC-50 2018"]
[Site "Radebeul"]
[Date "2018.07.08"]
[Round "2"]
[White "Hutschenreiter, Joerg"]
[Black "Teo, Kok Siong"]
[Result "1-0"]
[ECO "A52"]
[WhiteElo "2023"]
[BlackElo "2213"]
[Annotator "NA"]
[PlyCount "67"]
[EventDate "2018.07.07"]
[EventType "team-tourn"]
[EventCountry "GER"]
[SourceTitle "playchess.com"]
[Source "ChessBase"]
[SourceQuality "1"]
[TimeControl "40/5400+30:1800+30"]

1. d4 Nf6 2. c4 e5 3. dxe5 Ng4 4. Nf3 Nc6 5. e3 Bb4+ 6. Bd2 a5 7. Nc3 O-O 8. a3 Bc5 9. Ne4 Qe7 10. Nxc5 Qxc5 11. Bc3 Re8 12. Qd5 Qe7 13. Be2 a4 14. O-O Ngxe5 15. Nxe5 Nxe5 16. Qd4 d6 17. Rad1 Be6 18. c5 Bb3 19. cxd6 cxd6 20. Rd2 f6 21. Bd1 Bc4 22. Re1 d5 23. Bc2 Qe6 24. Qh4 f5 25. Qf4 g6 26. Qd4 Kf8 27. f4 Nf7 28. Qg7+ Ke7 29. Bb4+ Kd7 30. Qd4 Kc7 31. Bd3 b5 32. Bxc4 dxc4 33. Red1 Rac8 34. Qa7+ 1-0

[Event "WTCC-50 2018"]
[Site "Radebeul"]
[Date "2018.07.08"]
[Round "2"]
[White "Cordes, Steffen"]
[Black "Ruether, Rudolf"]
[Result "1/2-1/2"]
[ECO "C05"]
[WhiteElo "1974"]
[BlackElo "2118"]
[Annotator "NA"]
[PlyCount "55"]
[EventDate "2018.07.07"]
[EventType "team-tourn"]
[EventCountry "GER"]
[SourceTitle "playchess.com"]
[Source "ChessBase"]
[SourceQuality "1"]
[TimeControl "40/5400+30:1800+30"]

1. e4 e6 2. d4 d5 3. Nd2 Nf6 4. e5 Nfd7 5. Bd3 c5 6. c3 Nc6 7. Ngf3 Be7 8. O-O cxd4 9. cxd4 O-O 10. Re1 f6 11. exf6 Nxf6 12. Nf1 Bd6 13. Bg5 $11 ({Lieber} 13. a3 $14) 13... Bd7 14. Bh4 Qc7 15. Bg3 Rae8 16. Rc1 Bxg3 17. Nxg3 Qf4 18. Bb1 e5 19. dxe5 Nxe5 20. Nxe5 Rxe5 21. Rxe5 Qxe5 22. Qb3 Bc6 23. h3 g6 24. Rd1 Kg7 25. Qc2 Re8 26. Qd2 Nh5 27. Nxh5+ Qxh5 28. Re1 1/2-1/2

[Event "WTCC-50 2018"]
[Site "Radebeul"]
[Date "2018.07.08"]
[Round "2"]
[White "Eriksson, Urban"]
[Black "Barron, Michael"]
[Result "0-1"]
[ECO "A88"]
[WhiteElo "1875"]
[BlackElo "2123"]
[Annotator "NA"]
[PlyCount "86"]
[EventDate "2018.07.07"]
[EventType "team-tourn"]
[EventCountry "GER"]
[SourceTitle "playchess.com"]
[Source "ChessBase"]
[SourceQuality "1"]
[TimeControl "40/5400+30:1800+30"]

1. Nf3 f5 2. g3 Nf6 3. c4 d6 4. d4 g6 5. Bg2 Bg7 6. Nc3 O-O 7. O-O c6 8. d5 Bd7 9. h3 {[%emt 0:07:10] A88: Dutch Defence: Leningrad System: 5 Nf3 0-0 6 0-0 d6 7 Nc3 c6} (9. Nd4 c5 10. Nf3 Na6 11. Re1 Nc7 12. a4 h6 13. e4 fxe4 14. Nxe4 Nxe4 15. Rxe4 Rf7 16. Re1 e6 17. dxe6 Bxe6 {0-1 (31) Xu,J (2504)-Lu,S (2620) China 2017}) 9... Na6 10. Be3 Nc7 $146 ({Predecessor:} 10... c5 11. Nd2 Nc7 12. a4 Nh5 13. Bf4 Nxf4 14. gxf4 b6 15. e3 a6 16. Qf3 b5 {0-1 (33) Fernandez Alonso,M-Tovillas,D (2345) Mar del Plata 1993}) 11. Qd2 Qe8 12. Rad1 c5 13. Bh6 b5 14. Bxg7 Kxg7 15. cxb5 Bxb5 16. Nxb5 Qxb5 17. Ne1 a5 18. Nd3 Rab8 19. b3 Ncxd5 20. Bxd5 Nxd5 21. Nxc5 $11 Qxc5 22. Qxd5 Qxd5 23. Rxd5 a4 24. Rb1 Rb4 25. a3 Rxb3 26. Rxb3 axb3 27. Rb5 Rc8 28. Rxb3 Rc2 29. Kf1 Kf6 30. a4 Ra2 31. Rb4 e5 32. Rb6 Ke6 33. Rb7 Rxa4 34. Rxh7 d5 35. e3 d4 36. exd4 exd4 37. Rg7 d3 38. Ke1 Ra2 39. Rxg6+ Kd5 40. Rg8 Re2+ 41. Kf1 Kc4 42. Rc8+ Kb3 43. Rc1 Re8 0-1